 Dungeon Crawl Stone Soup version 0.29.1-1-gd02db6906a (webtiles) character file.

Game seed: 5064064232913499715

54098 croobank the Spry (level 14, -7/70 HPs)
             Began as a Felid Summoner on Oct 17, 2022.
             Was an Initiate of Gozag.
             Killed by an exploding themself (15 damage)
             ... ignited by their inner flame
             ... on level 4 of the Snake Pit on Oct 18, 2022.
             The game lasted 03:13:55 (35314 turns).

croobank the Spry (Felid Summoner)                 Turns: 35314, Time: 03:13:56

Health: -7/70      AC: 15    Str:  4    XL:     14   Next: 33%
Magic:  10/31      EV: 40    Int: 24    God:    Gozag
Gold:   3562       SH:  0    Dex: 23    Spells: 1/37 levels left
                                        Lives:  0   Deaths: 4

rFire   + . .      SeeInvis +   (weapon unavailable)
rCold   . . .      Faith    .   (shield unavailable)
rNeg    . . .      Spirit   .   (body armour unavailable)
rPois   ∞          Reflect  .   (helmet unavailable)
rElec   +          Harm     .   (cloak unavailable)
rCorr   +          Rampage  .   (gloves unavailable)
Will    ++...                   (boots unavailable)
Stlth   ++++......              s - amulet of magic regeneration
HPRegen 0.21/turn               a - ring "Wonaanodo" {Wiz rF+ Dex+4 Stlth+}
MPRegen 0.62/turn               y - ring "Hicituka" {Wiz rCorr Dex+2}

@: storm-form, gold aura, flying, studying Necromancy
A: cleaving, insubstantial, flying, very small, (claws 1), (fangs 3), see
invisible, (speed 1), (shaggy fur 3), (stealthy paws), no weapons or thrown
items, no armour, multi-lived
a: Blinkbolt, End Transformation, Renounce Religion, Potion Petition, Call
Merchant, Bribe Branch


You were on level 4 of the Snake Pit.
You worshipped Gozag.
Gozag was most pleased with you.
You were a lightning-filled tempest!
You visited 4 branches of the dungeon, and saw 24 of its levels.

You collected 7995 gold pieces.
You spent 4054 gold pieces at shops.
You paid 379 gold pieces to Gozag.

Inventory:

Jewellery
 a - the ring "Wonaanodo" (left paw) {Wiz rF+ Dex+4 Stlth+}
   (You found it on level 2 of the Dungeon)

   [ring of wizardry]

   It improves your spell success rate.
   Dex:       It affects your dexterity (+4).
   rF:        It protects you from fire.
   Stlth:     It makes you more stealthy.
 b - a ring of poison resistance
 e - a ring of positive energy
 k - a +6 ring of strength
 l - a ring of fire
 s - an amulet of magic regeneration (around neck)
 t - the ring "Yddar" {+Blink EV+4 Stlth+}
   (You bought it in a shop on level 7 of the Dungeon)

   [ring of evasion]

   EV:        It affects your evasion (+4).
   +Blink:    It lets you blink.
   Stlth:     It makes you more stealthy.
 y - the ring "Hicituka" (right paw) {Wiz rCorr Dex+2}
   (You acquired it on level 11 of the Dungeon)

   [ring of wizardry]

   It improves your spell success rate.
   Dex:       It affects your dexterity (+2).
   rCorr:     It protects you from acid and corrosion.
 z - a ring of positive energy
 A - a ring of magical power
 C - a ring of willpower
 I - a +6 ring of strength
Wands
 c - a wand of paralysis (15)
 m - a wand of flame (22)
 D - a wand of iceblast (14)
Scrolls
 d - a scroll of fear
 j - 3 scrolls of vulnerability
 n - 2 scrolls of amnesia
 v - 17 scrolls of teleportation
 E - a scroll of immolation
 G - 2 scrolls of poison
 J - 5 scrolls of identify
 K - a scroll of fog
 L - 2 scrolls of magic mapping
Potions
 f - 2 potions of berserk rage
 g - 5 potions of brilliance
 h - 9 potions of attraction
 i - 3 potions of mutation
 o - 5 potions of ambrosia
 p - 2 potions of flight
 q - 7 potions of lignification
 r - a potion of cancellation
 u - 6 potions of magic
 w - 3 potions of might
 x - 2 potions of haste
 B - 4 potions of curing
 H - 3 potions of degeneration
Miscellaneous
 F - a piece from Xom's chessboard (15/15)


   Skills:
 + Level 13.4 Fighting
 + Level 17.4 Dodging
 - Level 3.7 Stealth
 + Level 12.2 Spellcasting
 - Level 7.0 Hexes
 + Level 12.6 Summonings
 - Level 5.0 Necromancy
 + Level 10.1 Transmutations
 + Level 9.5 Air Magic


You had one spell level left.
You knew the following spells:

 Your Spells              Type           Power      Damage    Failure   Level
a - Storm Form            Tmut/Air       29%        N/A       17%         7
c - Call Canine Familiar  Summ           66%        N/A       1%          3
d - Summon Guardian Gole  Hex/Summ       58%        N/A       1%          3
e - Summon Lightning Spi  Summ/Air       61%        N/A       1%          4
f - Summon Mana Viper     Hex/Summ       58%        N/A       1%          5
g - Summon Cactus Giant   Summ           33%        N/A       1%          6
h - Tukima's Dance        Hex            48%        N/A       1%          3
i - Yara's Violent Unrav  Hex/Tmut       27%        3d12      1%          5

Your spell library contained the following spells:

 Spells                   Type           Power      Damage    Failure   Level
 Summon Small Mammal      Summ           100%       N/A       0%          1
 Apportation              Tloc           28%        N/A       1%          1
 Necrotise                Necr           100%       1d9       1%          1
 Sandblast                Erth           28%        2d8       1%          1
 Blink                    Tloc           28%        N/A       1%          2
 Call Imp                 Summ           66%        N/A       1%          2
 Ensorcelled Hibernation  Hex/Ice        62%        N/A       1%          2
 Passwall                 Tmut/Erth      32%        N/A       1%          2
 Scorch                   Fire           28%        2d6       1%          2
 Sublimation of Blood     Necr           38%        N/A       1%          2
 Wereblood                Tmut           59%        N/A       1%          2
 Dazzling Flash           Conj/Hex       62%        N/A       1%          3
 Ignite Poison            Fire/Tmut/Pois 30%        N/A       1%          3
 Inner Flame              Hex/Fire       31%        N/A       1%          3
 Mephitic Cloud           Conj/Pois/Air  29%        N/A       1%          3
 Spider Form              Tmut/Pois      39%        N/A       1%          3
 Anguish                  Hex/Necr       21%        N/A       1%          4
 Cause Fear               Hex            24%        N/A       1%          4
 Ice Form                 Ice/Tmut       39%        N/A       1%          4
 Summon Ice Beast         Ice/Summ       44%        N/A       1%          4
 Blade Hands              Tmut           29%        N/A       1%          5
 Fulminant Prism          Conj/Hex       15%        3d11      2%          4
 Conjure Flame            Conj/Fire      14%        6-21      3%          3
 Frozen Ramparts          Ice            28%        1d5       3%          3
 Gell's Gravitas          Tloc           14%        N/A       3%          3
 Lesser Beckoning         Tloc           14%        N/A       3%          3
 Ozocubu's Armour         Ice            14%        N/A       3%          3
 Stone Arrow              Conj/Erth      28%        3d8       3%          3
 Teleport Other           Tloc           14%        N/A       3%          3
 Summon Hydra             Summ           33%        N/A       5%          7
 Metabolic Englaciation   Hex/Ice        15%        N/A       8%          5
 Freezing Cloud           Conj/Ice/Air   14%        6-21      9%          5
 Flame Wave               Conj/Fire      14%        2d6       11%         4
 Iskenderun's Mystic Bla  Conj/Tloc      14%        2d5       11%         4
 Passage of Golubria      Tloc           14%        N/A       11%         4
 Sticky Flame             Conj/Fire      14%        2d4       11%         4
 Lee's Rapid Deconstruct  Erth           7%         3d7*      28%         5
 Manifold Assault         Tloc           14%        N/A       28%         5
 Dispersal                Tloc           7%         N/A       82%         6
 Starburst                Conj/Fire      7%         6d4       82%         6
 Discord                  Hex            24%        N/A       97%         8
 Disjunction              Tloc           7%         N/A       100%        8
 Portal Projectile        Hex/Tloc       Unusable   N/A       N/A         3
 Animate Armour           Summ/Erth      Unusable   N/A       N/A         4
 Simulacrum               Ice/Necr       Unusable   N/A       N/A         6

Dungeon Overview and Level Annotations

Branches:
Dungeon (13/15)            Temple (0/1) D:7            Lair (5/5) D:11
 Shoals (0/4) Lair:3        Snake (4/4) Lair:2        Slime (0/5) Lair:5
    Orc (2/2) D:9             Elf (0/3) Orc:2
 Vaults: D:13-14

Altars:
Ashenzari
Cheibriados
Dithmenos
Elyvilon
Fedhas
Gozag
Nemelex Xobeh
Okawaru
Qazlal
Ru
Vehumet
Xom
The Shining One

Shops:
D:4 *   D:6 [   D:7 :=   D:10 (:((   Orc:1 (   Orc:2 :*?[   Snake:3 (:*

Annotations:
Orc:1 1 runed translucent door, Zeld's ghost, journeyman MiBe
Orc:2 1 runed translucent door, xian's ghost, journeyman DsAE


Innate Abilities, Weirdness & Mutations

You are a lightning-filled tempest!
Your electrical attacks strike out in all directions at once.
You are incredibly evasive.
Your insubstantial body is immune to petrification, constriction, and being set on fire You are flying.
You are immune to poison.
((You have sharp claws.))
((You have razor-sharp teeth.))
You have supernaturally acute eyesight. (SInv)
((You cover ground quickly. (Speed+)))
((Your thick and shaggy fur keeps you warm. (AC +3, rC+)))
((Your paws help you pounce on unaware monsters.))
You are incapable of wielding weapons or throwing items.
You cannot wear armour.
You gain extra lives every three experience levels.


Message History

Your cactus giant looks as sick as possible!
The naga sharpshooter shoots an arrow.
The arrow hits you!!
The naga warrior roars a battlecry!
The nagaraja goes into a battle-frenzy!
Okay, then.
Casting: Summon Guardian Golem (safe; 1% risk of failure)
Confirm with . or Enter, or press ? or * to list all spells.
You turn into a lightning-filled tempest!
The nagaraja is struck by your cactus giant's spines.
The nagaraja hits your cactus giant with a +0 spear!!
The naga sharpshooter shoots an arrow.
The arrow completely misses you.
The nagaraja is struck by your cactus giant's spines.
The nagaraja dies!
The naga sharpshooter shoots an arrow.
The arrow barely misses you.
Things that are here:
a +0 robe; a +2 flail of protection The naga warrior is struck by your cactus giant's spines.
The naga warrior dies!
The naga sharpshooter spits poison at you.
The splash of poison misses you.
The naga sharpshooter shoots an arrow.
The arrow closely misses you.
You hit the naga sharpshooter but do no damage.
The naga sharpshooter gestures wildly while chanting.
The naga sharpshooter magically shoots an arrow.
The arrow hits you!!
* * * LOW HITPOINT WARNING * * *
The naga warrior spits poison at you.
The splash of poison hits your cactus giant.
You hit the naga sharpshooter.
The naga sharpshooter is lightly wounded.
The naga sharpshooter shoots an arrow.
The arrow completely misses you. The arrow hits your guardian golem!
The naga warrior is distracted by your dazzling golden aura.
Your guardian golem overheats!
The naga sharpshooter shoots an arrow.
The arrow hits your guardian golem!!
Your guardian golem disappears in a puff of smoke!
Your guardian golem explodes!
The fiery explosion engulfs you! You resist.
You die...
Your body crumbles into a pile of gold.

##..(......# #..........#
##..........# ### #.#.........#
###.# .##........N### ##...##
..##......##$C#####.....# ###
.#.#....######[[##......# #.#
.#..##.## ###§.N.....## ##..
.##.#.## ##v§.....#.# #...
####.## ##.§§§...##.## ##...
##.## ##.##.#######.# #....
###...### ##.###.## #.###....
#...#...####.## ##.# ##)......
...##.....#..### #### ##)#.....
...#######.....####.#####.###....
..## #.###...###....)....###. .##
#.#####...........#####.


You could see a naga sharpshooter.

Vanquished Creatures
  An anaconda (Snake:4)
  A naga warrior (Snake:4)
  A shock serpent (Snake:2)
  2 orc high priests (Orc:2)
  A naga sharpshooter (Snake:4)
  2 guardian serpents (Snake:4)
  A salamander (Snake:3)
  A naga mage (Snake:2)
  A queen bee (Lair:2)
  3 blink frogs
  A dream sheep (Lair:5)
  3 nagas
  2 orc warriors (Orc:2)
  A sky beast (D:4)
  A phantom (D:6)
  A bullfrog (Lair:2)
  13 killer bees
  3 electric eels
  2 orc priests
  An orc wizard (D:5)
  An adder (D:5)
  An ufetubus (D:6)
  4 orcs
  2 endoplasms
  2 goblins (D:4)
  A hobgoblin (D:2)
  2 bats
  A kobold (D:4)
56 creatures vanquished.

Vanquished Creatures (collateral kills)
  Frances (Snake:2)
  Kirke (Lair:3)
  6 nagarajas
  Aizul (Snake:2)
  A fire dragon (D:8)
  A salamander tyrant (Snake:3)
  A merfolk avatar (Lair:5)
  7 anacondas
  A boulder beetle (Lair:5)
  2 hydras
  2 two-headed ogres (D:11)
  Erica (D:10)
  15 naga warriors
  A centaur warrior (D:13)
  3 orc high priests (Orc:2)
  3 shock serpents
  3 naga sharpshooters
  Nergalle (Lair:1)
  Amaemon (Lair:2)
  6 salamander mystics
  A sea snake (Lair:5)
  3 naga ritualists
  8 orc knights
  5 mana vipers
  3 harpies (Lair:5)
  9 salamanders
  An orc sorcerer (Orc:1)
  4 manticores
  2 cyclopes (D:12)
  An ugly thing (D:12)
  21 black mambas
  4 elephants (Lair:5)
  An orange demon (Lair:2)
  8 guardian serpents
  A merfolk siren (Lair:3)
  10 naga magi
  6 cane toads
  A gargoyle (D:13)
  An unseen horror (D:10)
  A rime drake (Lair:5)
  3 komodo dragons
  A kobold demonologist (D:11)
  5 trolls
  Prince Ribbit (Lair:3)
  6 polar bears
  A hornet (Lair:5)
  3 dream sheep (Lair:5)
  12 blink frogs
  2 wind drakes (Lair:5)
  Sigmund (D:5)
  A wraith (D:13)
  24 yaks
  5 shadows
  2 vampires
  3 wyverns
  2 basilisks
  2 steam dragons (Lair:5)
  A hog (Lair:3)
  3 vampire mosquitoes (D:13)
  3 wargs
  29 nagas
  2 acid dragons
  2 nameless horrors
  8 water moccasins
  35 orc warriors
  A black bear (Lair:1)
  2 sky beasts (D:8)
  4 ogres
  10 wolves
  7 centaurs
  4 kobold brigands
  A gnoll sergeant (D:11)
  9 bullfrogs
  A necrophage (D:5)
  2 scorpions (D:4)
  2 wights (D:9)
  11 killer bees
  An iron imp (D:8)
  5 jellies
  5 hounds
  A gnoll bouda (D:4)
  24 orc priests
  2 iguanas
  15 orc wizards
  Terence (D:2)
  16 adders
  10 gnolls
  A shadow imp (D:7)
  3 worms
  3 dart slugs
  67 orcs
  3 ball pythons
  8 endoplasms
  4 giant cockroaches
  9 goblins
  6 hobgoblins
  A jackal (D:1)
  12 kobolds
  5 quokkas
  2 bats (D:2)
  3 frilled lizards
  A goblin skeleton (D:8)
  4 goblin zombies (D:8)
  2 hobgoblin zombies (D:8)
  A kobold zombie (D:8)
  2 orc skeletons (D:8)
  An orc zombie (D:8)
  5 rats
583 creatures vanquished.

Vanquished Creatures (others)
  A two-headed ogre (D:9)
  An anaconda (Snake:4)
  A tengu warrior (D:13)
  A naga sharpshooter (Snake:4)
  A cyclops (D:11)
  12 yaks
  A human (Lair:3)
  A wyvern (D:9)
  A basilisk (Lair:1)
  5 dancing weapons
  A naga (Snake:4)
  An ice beast (D:6)
  An orc warrior (D:7)
  An ogre (D:6)
  2 centaurs
  2 kobold brigands
  2 bullfrogs
  8 wights
  6 killer bees
  An orc priest (D:8)
  4 iguanas (D:5)
  3 orc wizards
  6 gnolls
  A white imp (D:7)
  An ufetubus (D:5)
  2 orcs
  2 kobolds (D:6)
  16 fungi
  31 plants
116 creatures vanquished.

Grand Total: 755 creatures vanquished

Notes
Turn   | Place    | Note
-------+----------+-------------------------------------------
     0 | D:1      | croobank the Felid Summoner began the quest for the Orb.
     0 | D:1      | Reached XP level 1. HP: 7/7 MP: 4/4
   392 | D:1      | You fall into a shaft and drop 1 floor!
   566 | D:1      | Reached skill level 3 in Dodging
   566 | D:1      | Reached XP level 2. HP: 9/11 MP: 1/6
  1396 | D:1      | Learned a level 2 spell: Call Imp
  1499 | D:2      | Reached XP level 3. HP: 14/14 MP: 5/7
  1675 | D:2      | Learned a level 3 spell: Call Canine Familiar
  1891 | D:2      | Noticed Terence
  2146 | D:2      | Identified the ring "Wonaanodo" {Wiz rF+ Dex+4 Stlth+}
  2249 | D:2      | Reached XP level 4. HP: 18/18 MP: 5/9
  2688 | D:2      | Killed Terence
  2689 | D:2      | Reached skill level 1 in Fighting
  2689 | D:2      | Reached skill level 4 in Dodging
  3125 | D:3      | Found an opulent altar of Gozag.
  3130 | D:3      | Became a worshipper of Gozag Ym Sagoz the Greedy
  3139 | D:3      | Reached XP level 5. HP: 22/22 MP: 4/10
  3978 | D:3      | Identified the +4 pair of gloves of Vlad {Rampage Str+4}
  4348 | D:4      | Found Vyres's Elemental Accessories.
  4483 | D:4      | Found a blossoming altar of Fedhas.
  4512 | D:4      | Reached skill level 1 in Hexes
  4514 | D:4      | Gained mutation: You are covered in thick fur. (AC +2)
                  | [Felid growth]
  4514 | D:4      | Reached XP level 6. HP: 26/26 MP: 2/11
  4549 | D:4      | Learned a level 3 spell: Summon Guardian Golem
  4629 | D:4      | Reached skill level 5 in Summonings
  4754 | D:4      | Found a stormy altar of Qazlal.
  4754 | D:4      | Found a blossoming altar of Fedhas.
  4794 | D:4      | Reached skill level 5 in Dodging
  5220 | D:4      | Noticed a sky beast
  5259 | D:4      | HP: 1/27 [poisoned by an adder]
  5263 | D:4      | Reached XP level 7. HP: 20/30 MP: 0/13
  6044 | D:5      | Entered Level 5 of the Dungeon
  6357 | D:5      | Noticed Sigmund
  6379 | D:5      | Killed Sigmund
  6380 | D:5      | Reached skill level 6 in Dodging
  6420 | D:5      | Found a shimmering altar of Xom.
  6446 | D:5      | HP: 1/31 [poisoned by an adder]
  6706 | D:4      | Learned a level 4 spell: Summon Lightning Spire
  6852 | D:5      | Reached XP level 8. HP: 36/36 MP: 10/15
  7043 | D:5      | Reached skill level 1 in Air Magic
  8047 | D:6      | Reached skill level 5 in Hexes
  8582 | D:6      | Reached skill level 7 in Dodging
  8642 | D:6      | Found Selewk's Antique Armour Shoppe.
  8730 | D:6      | Reached skill level 5 in Spellcasting
  8737 | D:6      | Reached skill level 1 in Necromancy
  9334 | D:6      | Reached XP level 9. HP: 40/40 MP: 4/17
  9828 | D:7      | Reached skill level 5 in Fighting
 10075 | D:7      | Found Jethrepoiga's Jewellery Boutique.
 10080 | D:7      | Bought an amulet of magic regeneration for 330 gold pieces
 10080 | D:7      | Bought the ring "Yddar" {+Blink EV+4 Stlth+} for 580 gold
                  | pieces
 10484 | D:7      | Found a staircase to the Ecumenical Temple.
 10530 | D:7      | Learned a level 3 spell: Tukima's Dance
 10547 | D:7      | Reached skill level 8 in Dodging
 10730 | D:7      | Found Sassolas's Book Shoppe.
 11709 | D:8      | Noticed a fire dragon
 11876 | D:8      | Found a sacrificial altar of Ru.
 12270 | D:8      | Found a sparkling altar of Nemelex Xobeh.
 12422 | D:8      | Found a glowing golden altar of the Shining One.
 12640 | D:9      | Noticed a two-headed ogre
 12668 | D:9      | Killed a two-headed ogre
 12669 | D:9      | Reached XP level 10. HP: 45/45 MP: 15/20
 12690 | D:9      | Found a radiant altar of Vehumet.
 12716 | D:9      | Reached skill level 9 in Dodging
 13543 | D:9      | Reached skill level 5 in Necromancy
 13543 | D:9      | Reached skill level 5 in Air Magic
 13805 | D:9      | Found a staircase to the Orcish Mines.
 13834 | D:9      | Found an iron altar of Okawaru.
 13834 | D:9      | Found a shadowy altar of Dithmenos.
 13835 | D:9      | Found a broken altar of Ashenzari.
 14013 | D:10     | Entered Level 10 of the Dungeon
 14035 | D:10     | Noticed Erica
 14119 | D:10     | Slain by an unseen horror
 14120 | D:10     | Reached XP level 9. HP: -1/42 MP: 20/20
 14143 | D:10     | Identified a scroll of acquirement
 14143 | D:10     | Acquired a ring of poison resistance
 14194 | D:10     | Found a snail-covered altar of Cheibriados.
 14268 | D:7      | Bought the Collected Works on Calling for 546 gold pieces
 14274 | D:7      | Learned a level 5 spell: Summon Mana Viper
 14430 | D:10     | Found a white marble altar of Elyvilon.
 14696 | D:10     | Found Qiapn's Antique Weapon Shoppe.
 14710 | D:10     | Found Yloihis's Antique Weapon Emporium.
 14834 | D:7      | Bought a book of Scorching for 390 gold pieces
 15313 | D:10     | Found Hadauv's Book Boutique.
 15345 | D:10     | Killed an unseen horror
 15346 | D:10     | Reached XP level 10. HP: 42/47 MP: 17/21
 15354 | D:10     | Killed Erica
 15355 | D:10     | Reached skill level 10 in Dodging
 15445 | D:10     | Found Yffim's Antique Weapon Boutique.
 15567 | D:11     | Noticed a cyclops
 15583 | D:11     | Killed a cyclops
 15733 | D:11     | Noticed a manticore
 15775 | D:11     | Killed a manticore
 15818 | D:11     | Noticed a two-headed ogre
 15830 | D:11     | Killed a two-headed ogre
 16193 | D:11     | Noticed a two-headed ogre
 16205 | D:11     | Killed a two-headed ogre
 16346 | D:11     | Found a staircase to the Lair.
 16358 | D:11     | Reached XP level 11. HP: 51/51 MP: 17/23
 16778 | D:12     | Acquired the ring "Hicituka" {Wiz rCorr Dex+2}
 16796 | D:12     | Noticed a green ugly thing
 16802 | D:12     | Killed a green ugly thing
 16803 | D:12     | Reached skill level 11 in Dodging
 16933 | D:10     | Bought an Inescapable Atlas for 442 gold pieces
 17080 | D:12     | Found a blossoming altar of Fedhas.
 17201 | D:12     | Noticed a seven-headed hydra
 17229 | D:12     | Killed a seven-headed hydra
 17985 | D:13     | Noticed a centaur warrior
 17995 | D:13     | Killed a centaur warrior
 18329 | D:13     | Noticed a five-headed hydra
 18349 | D:13     | Killed a five-headed hydra
 18564 | D:13     | Noticed a tengu warrior
 18588 | D:13     | Killed a tengu warrior
 18589 | D:13     | Reached skill level 12 in Dodging
 18589 | D:13     | Gained mutation: Your thick and shaggy fur keeps you warm.
                  | (AC +3, rC+) [Felid growth]
 18589 | D:13     | Reached XP level 12. HP: 56/56 MP: 22/25
 18844 | Lair:1   | Entered Level 1 of the Lair of Beasts
 18870 | Lair:1   | Reached skill level 10 in Summonings
 19234 | Lair:1   | Noticed Nergalle
 19258 | Lair:1   | Killed Nergalle
 20070 | Lair:2   | Noticed Amaemon
 20078 | Lair:2   | Killed Amaemon
 20450 | Lair:2   | Reached skill level 13 in Dodging
 20706 | Lair:2   | Found a staircase to the Snake Pit.
 20736 | Lair:2   | Reached skill level 10 in Fighting
 21018 | Lair:3   | Noticed Kirke
 21041 | Lair:3   | Killed Kirke
 21505 | Lair:3   | Found a staircase to the Shoals.
 21843 | Lair:3   | Noticed Prince Ribbit
 21854 | Lair:3   | Killed Prince Ribbit
 21855 | Lair:3   | Reached skill level 10 in Spellcasting
 22248 | Lair:4   | Reached skill level 14 in Dodging
 22263 | Lair:4   | Reached XP level 13. HP: 62/62 MP: 23/28
 22927 | Lair:4   | Learned a level 6 spell: Summon Cactus Giant
 22933 | Lair:4   | Learned a level 5 spell: Yara's Violent Unravelling
 22963 | Lair:5   | Entered Level 5 of the Lair of Beasts
 22994 | Lair:5   | Reached skill level 1 in Transmutations
 23512 | Lair:5   | Reached skill level 15 in Dodging
 23607 | Lair:5   | Found a staircase to the Slime Pits.
 23639 | Lair:5   | Killed from afar by a wind drake
 23640 | Lair:5   | Reached XP level 12. HP: -1/60 MP: 16/27
 23671 | Lair:5   | Found the +11 plutonium sword {Contam Stlth-}
 23676 | Lair:5   | Noticed a merfolk avatar
 23678 | Lair:5   | Found the +8 Vampire's Tooth {vamp}
 23700 | Lair:5   | Killed a merfolk avatar
 24116 | Lair:5   | Noticed a boulder beetle
 24126 | Lair:5   | Killed a boulder beetle
 24525 | Orc:1    | Entered Level 1 of the Orcish Mines
 24706 | Orc:1    | Found Doxaroli's Weapon Shoppe.
 24797 | Orc:2    | Entered Level 2 of the Orcish Mines
 24797 | Orc:2    | Found a runed translucent door.
 24798 | Orc:2    | Noticed xian's ghost (journeyman DsAE)
 24828 | Orc:2    | Noticed an orc high priest
 24842 | Orc:2    | Killed an orc high priest
 25386 | Orc:2    | Reached XP level 13. HP: 56/64 MP: 21/28
 26085 | Orc:1    | Reached XP level 14. HP: 68/68 MP: 29/29
 26670 | Orc:1    | Found a runed translucent door.
 26670 | Orc:1    | Noticed Zeld's ghost (journeyman MiBe)
 27333 | Orc:2    | Found a staircase to the Elven Halls.
 27886 | Orc:2    | Found Asoudd's Book Boutique.
 27889 | Orc:2    | Found Kugije's Magic Scroll Shop.
 27890 | Orc:2    | Found Sout's Armour Boutique.
 27891 | Orc:2    | Found Capt's Assorted Antiques.
 27895 | Orc:2    | Bought a book of Blood for 392 gold pieces
 27896 | Orc:2    | Bought 3 scrolls of teleportation for 261 gold pieces
 27896 | Orc:2    | Bought a scroll of magic mapping for 217 gold pieces
 27896 | Orc:2    | Bought 3 scrolls of identify for 174 gold pieces
 27896 | Orc:2    | Bought a scroll of vulnerability for 116 gold pieces
 27896 | Orc:2    | Bought a potion of heal wounds for 145 gold pieces
 27896 | Orc:2    | Bought 3 scrolls of teleportation for 261 gold pieces
 27898 | Orc:2    | Bought a scroll of summoning for 152 gold pieces
 27898 | Orc:2    | Bought a scroll of teleportation for 48 gold pieces
 28393 | Snake:1  | Entered Level 1 of the Snake Pit
 28764 | Snake:1  | You fall into a shaft and drop 1 floor!
 28781 | Snake:2  | Noticed Aizul
 28791 | Snake:2  | Killed Aizul
 28792 | Snake:2  | Reached skill level 16 in Dodging
 29335 | Snake:2  | Noticed Frances
 29367 | Snake:2  | Killed Frances
 29887 | Snake:2  | Noticed a nagaraja
 29888 | Snake:2  | Reached XP level 15. HP: 66/73 MP: 18/31
 29905 | Snake:2  | Killed a nagaraja
 29928 | Snake:2  | Noticed a nagaraja
 29944 | Snake:2  | Noticed a nagaraja
 29947 | Snake:2  | Killed a nagaraja
 29958 | Snake:2  | Killed a nagaraja
 31145 | Snake:3  | Found Totaurigo's Antique Weapon Shoppe.
 31228 | Snake:3  | Slain by a salamander
 31229 | Snake:3  | Reached XP level 14. HP: 0/69 MP: 19/30
 31229 | Snake:3  | Found Luizeol's Book Shoppe.
 31230 | Snake:3  | Found Biaw Odan's General Store.
 31243 | Snake:3  | Learned a level 7 spell: Storm Form
 32674 | Snake:3  | Reached skill level 17 in Dodging
 32987 | Snake:4  | Entered Level 4 of the Snake Pit
 33938 | Snake:4  | Killed from afar by a guardian serpent
 33939 | Snake:4  | Reached XP level 13. HP: -2/66 MP: 6/30
 34385 | Snake:4  | Noticed a nagaraja
 34401 | Snake:4  | Killed a nagaraja
 34402 | Snake:4  | Reached XP level 14. HP: 29/70 MP: 22/31
 34414 | Snake:4  | Noticed a nagaraja
 34680 | Snake:4  | Reached skill level 10 in Transmutations
 34681 | Snake:4  | Noticed a nagaraja
 34702 | Snake:4  | Killed a nagaraja
 35287 | Snake:4  | Noticed a nagaraja
 35308 | Snake:4  | Killed a nagaraja
 35314 | Snake:4  | Killed by an exploding themself... ignited by their inner
                  | flame

Illustrated notes

Levels and vault maps discovered:
D:1:      minmay_arrival_up_and_down, layout_loops_corners,
          minmay_split_cup_large
D:2:      layout_basic, uniq_terence
D:3:      layout_loops_corners, lemuel_doored_altar
D:4:      minmay_opposing_rooms, layout_loops_ring,
          grunt_temple_overflow_forces_of_nature, nicolae_elemental_shop,
          kennysheep_diamond, minmay_manual_monstrance
D:5:      layout_gridville, xom_confusion_cloud, hellmonk_bongcloud_opening,
          nicolae_concentric_dashed_squares_mild, uniq_sigmund
D:6:      layout_loops_ring, serial_shops, nicolae_shop_stone,
          grunt_ministairs_1, minmay_misc_feat_columns
D:7:      layout_basic, minmay_temple_entry_trees, serial_shops,
          kennysheep_little_box, nicolae_shop_hallway_plus
D:8:      layout_loops_ring, nicolae_tso_besieged_by_evil,
          mainiacjoe_overflow_concentric_impassable,
          nemelex_diamond_rough_becter, enter_bailey_3, minmay_misc_feat_tower,
          kennysheep_just_a_vault
D:9:      layout_rooms, gammafunk_temple_overflow_claw,
          mainiacjoe_overflow_tiny_flanked, orc_0_dummy
D:10:     layout_loops_ring, slow_altar_1, elyvilon_altar_5, serial_shops,
          nicolae_shop_stone, nicolae_shop_behind_doors,
          nicolae_shop_overgrown_old_shop, shop, serial_rivers,
          chequers_serial_rivers_room_a, chequers_serial_rivers_room_a,
          chequers_serial_rivers_micro_c, chequers_serial_rivers_marsh,
          uniq_erica
D:11:     layout_cave_pools, erik_lair_island
D:12:     layout_basic, fedhas_bush_and_centaur_altar
D:13:     layout_basic
Lair:1:   layout_cave_pods, uniq_nergalle
Lair:2:   layout_misc_corridors, minmay_snake_entry_guardpost_small,
          special_room [special_room_bee], st_stairs_11, uniq_amaemon
Lair:3:   layout_cave_pods, elwin_shoals_entry_rooms, uniq_kirke,
          uniq_prince_ribbit2
Lair:4:   layout_misc_corridors
Lair:5:   gammafunk_lair_ancient_temple, layout_misc_corridors,
          nicolae_slime_entry_slimehenge, nzn_sisyphean_effort
Snake:1:  layout_honeycomb
Snake:2:  nicolae_cobra_stairs, layout_cave_town, drop_trap, uniq_frances,
          uniq_aizul
Snake:3:  layout_chambers, serial_shops, shop, nicolae_triple_integral,
          minmay_shop_star
Snake:4:  johnstein_snake_rune_scales, layout_chambers
Orc:1:    nicolae_orc_accident_3, layout_caves, hellmonk_ghost_happy_afterlife,
          serial_shops, shop
Orc:2:    st_orc_pillars, layout_caves, ebering_ghost_inner_flame

Skill      XL: |  1  2  3  4  5  6  7  8  9 10 11 12 13 14 15 |
---------------+----------------------------------------------+-----
Stealth        | 3 |  3.7
Dodging        | 3 4 5 6 7 8 10 12 14 15 17 | 17.4
Fighting       | 1 2 3 4 7 8 10 11 13 | 13.4
Spellcasting   | 3 4 5 6 7 8 10 12 | 12.2
Hexes          | 1 2 4 5 7 |  7.0
Summonings     | 5 6 7 8 9 10 11 12 | 12.6
Air Magic      | 2 4 5 7 9 |  9.5
Necromancy     | 1 4 5 |  5.0
Transmutations | 4 7 10 9 | 10.1

Action                   |  1- 3 |  4- 6 |  7- 9 | 10-12 | 13-15 || total
-------------------------+-------+-------+-------+-------+-------++-------
Melee: Unarmed           |    24 |    33 |    44 |    23 |    45 ||   169
       Bite              |     3 |     2 |     5 |     3 |     3 ||    16
       Punch             |     1 |     2 |     1 |       |       ||     4
 Cast: Summon Small Mamm |    42 |    39 |    71 |    19 |       ||   171
       Call Imp          |     5 |     8 |    21 |     3 |     1 ||    38
       Call Canine Famil |     4 |    28 |    59 |    21 |    10 ||   122
       Summon Guardian G |       |     1 |    43 |    37 |    12 ||    93
       Summon Lightning  |       |       |    21 |    64 |    66 ||   151
       Summon Mana Viper |       |       |     9 |    68 |   123 ||   200
       Tukima's Dance    |       |       |     4 |     8 |    32 ||    44
       Summon Cactus Gia |       |       |       |    14 |    97 ||   111
       Yara's Violent Un |       |       |       |       |    40 ||    40
       Storm Form        |       |       |       |       |     2 ||     2
Invok: Potion Petition   |       |       |       |       |     1 ||     1
Evoke: Wand              |       |       |       |     6 |     5 ||    11
  Use: Potion            |     1 |     3 |     4 |     2 |    11 ||    21
       Scroll            |       |       |    20 |    18 |     6 ||    44
 Stab: Sleeping          |       |     2 |     1 |       |       ||     3
       Distracted        |       |       |     2 |       |     2 ||     4
       Betrayed ally     |       |       |       |     1 |       ||     1
Armor: Skin              |     3 |     4 |     9 |     5 |     5 ||    26
Dodge: Dodged            |    27 |    76 |   127 |   193 |   297 ||   720
